AoeStats
← Jassassinator

Arabia

508783255Analyzed
2v2 RM · 7d ago on Sep 24, 2026· 34m 11s· 4 players
Game mode
Random Map
Map size
Medium (4 player)
Population
200
Speed
Normal
Resources
Standard
Victory
Conquest
Starting age
Dark Age
Ending age
Imperial Age
RankedLock teamsTeams togetherTeam positionsShared explorationLock speedFull tech treeHidden civsTurbo modeCheats
Victory
Defeat
🇨🇦 Teutons · Canada
682
+12
🇨🇦 Bulgarians · Canada
665
+13
🇦🇷 Burgundians · Argentina
618
-13
🇺🇸 Japanese · United States
586
-12
Jassassinator
0:30 Loom
14:24 Feudal Age
14:58 Double-Bit Axe
17:23 Wheelbarrow
18:27 Stone Mining
18:28 Gold Mining
24:53 Castle Age
29:08 Gold Shaft Mining
Smech4118
9:58 Feudal Age
9:01 Horse Collar
14:22 Heavy Plow
17:01 Loom
20:40 Castle Age
Troy 809
2:17 Loom
13:15 Feudal Age
14:40 Feudal Age
15:27 Double-Bit Axe
16:38 Gold Mining
18:23 Scale Mail Armor
20:49 Horse Collar
20:58 Town Watch
25:55 Castle Age
25:24 Forging
27:15 Squires
26:36 Pikeman
27:03 Gambesons
28:53 Heavy Plow
29:05 Bow Saw
29:13 Chain Mail Armor
Thugger
7:30 Loom
12:49 Feudal Age
13:14 Double-Bit Axe
13:17 Horse Collar
13:42 Gold Mining
15:05 Stone Mining
21:50 Castle Age
20:07 Forging
24:15 Iron Casting
23:45 Scale Barding Armor
23:54 Bloodlines
23:45 Husbandry
23:43 Arson
26:47 Heavy Plow
27:17 Chain Barding Armor
Connection lost

Rejoining the realm…

Still unreachable

The connection could not be restored.

Session expired

The server has moved on; the page needs a fresh start.